 Dungeon Crawl Stone Soup version 0.21-a0-417-g0adc95b (webtiles) character file.

46 Ijustatesigmund the Sneak (level 3, 0/24 HPs)
             Began as an Octopode Assassin on Nov 3, 2017.
             Succumbed to an adder's poison
             ... on level 2 of the Dungeon.
             The game lasted 00:01:45 (1127 turns).

Ijustatesigmund the Sneak (Octopode Assassin)       Turns: 1127, Time: 00:01:45

Health: 0/24       AC:  1    Str: 10    XL:     3   Next: 66%
Magic:  3/3        EV: 14    Int: 13    God:
Gold:   59         SH:  0    Dex: 14    Spells: 2/2 levels left

rFire    . . .     SeeInvis .   a - +4 dagger
rCold    . . .     Gourm    .   (no shield)
rNeg     . . .     Faith    .   (helmet restricted)
rPois    .         Spirit   .   (no amulet)
rElec    .         Reflect  .   (no ring)
rCorr    .         Harm     .   (no ring)
MR       .....                  (no ring)
Stlth    ++++......             (no ring)
HPRegen  0.08/turn              (no ring)
MPRegen  0.08/turn              (no ring)
                                (no ring)
                                (no ring)

@: lethally poisoned (0 -> -4)
A: almost no armour, stealthy swim, amphibious, 8 rings, constrict 8, camouflage
1, gelatinous body 1
a: no special abilities


You were on level 2 of the Dungeon.
You were not hungry.

You visited 1 branch of the dungeon, and saw 2 of its levels.

You collected 59 gold pieces.

Inventory:

Hand Weapons
 a - a +4 dagger (weapon)
 b - a +0 blowgun
Missiles
 c - 16 poisoned needles
 d - 2 curare-tipped needles
Scrolls
 h - a scroll of recharging {unknown}
Potions
 e - a potion of berserk rage
 g - a potion of heal wounds {unknown}
 l - a potion of curing {unknown}
 n - a potion of haste {unknown}
Comestibles
 f - 2 bread rations
 j - 2 royal jellies


   Skills:
 - Level 2.0 Fighting
 - Level 2.0 Short Blades
 - Level 2.0 Throwing
 + Level 2.4 Dodging
 + Level 6.3 Stealth


You had 2 spell levels left.
You didn't know any spells.

Dungeon Overview and Level Annotations

Branches:
Dungeon (2/15)

Altars:


Innate Abilities, Weirdness & Mutations

You cannot wear most types of armour.
You are very stealthy in the water. (Stealth+)
You are amphibious.
You can wear up to eight rings at the same time.
You can use your tentacles to constrict eight enemies at once.
Your skin changes colour to match your surroundings (Stealth+).
Your rubbery body absorbs attacks. (AC +1, EV +1)


Message History

You are too injured to fight recklessly!
You are too injured to fight recklessly!
You are too injured to fight recklessly!
You are too injured to fight recklessly!
You are too injured to fight recklessly!
You are too injured to fight recklessly!
You are too injured to fight recklessly!
You are too injured to fight recklessly!
You closely miss the leopard gecko. Your grab misses the leopard gecko.
The leopard gecko bites you.
* * * LOW HITPOINT WARNING * * *
The leopard gecko bites you.
* * * LOW HITPOINT WARNING * * *
You hit the leopard gecko. Your grab misses the leopard gecko.
The leopard gecko is severely wounded.
The leopard gecko bites you.
* * * LOW HITPOINT WARNING * * *
You closely miss the leopard gecko. Your grab misses the leopard gecko.
The leopard gecko is severely wounded.
You die...

###########
#.........
#(....... .......
..... ... #l# #@#
### #.# #.. #.#
#...#.# #...#.##
#......## ####
#...#.<.## #.. #
#...#.#..####†###
###. #..
#.##....[...##....


You could see a leopard gecko.

Vanquished Creatures
  2 adders (D:2)
  A dart slug (D:1)
  A leopard gecko (D:2)
  3 bats
  A giant cockroach (D:1)
  3 goblins (D:1)
  4 hobgoblins
  A ball python (D:1)
  3 frilled lizards
  5 kobolds (D:1)
  2 rats (D:1)
26 creatures vanquished.

Notes
Turn   | Place    | Note
-------+----------+-------------------------------------------
     0 | D:1      | Ijustatesigmund the Octopode Assassin began the quest for the Orb.
     0 | D:1      | Reached XP level 1. HP: 14/14 MP: 1/1
    53 | D:1      | Reached XP level 2. HP: 6/19 MP: 2/2
   793 | D:1      | Reached skill level 6 in Stealth
  1037 | D:2      | Reached XP level 3. HP: 24/24 MP: 3/3
  1126 | D:2      | HP: 1/24 [leopard gecko (3)]
  1127 | D:2      | Succumbed to an adder's poison

Vault maps used:
D:1:      mrwooster_arrival_arrow, minmay_pentomino_q2
D:2:      chequers_ecumenical_altar_simple

Skill      XL: |  1  2 |
---------------+-------+-----
Dodging        | 2 |  2.4
Stealth        | 6 |  6.3
Fighting       | |  2.0
Short Blades   | |  2.0
Throwing       | |  2.0

Action                   || total
-------------------------++-------
Melee: Dagger            ||    48
       Tentacles         ||     6
       Constrict         ||     6
  Use: Scroll            ||     7
 Stab: Sleeping          ||    13
  Eat: Chunk             ||     1
Dodge: Dodged            ||    23

Table legend:
 A = Spawn XP
 B = Non-spawn XP
 C = Spawn XP percentage of total XP
 D = Spawn monster count
 E = Non-spawn monster count
 F = Spawn count percentage of total count
 G = Total turns spent on level
                    A         B        C        D         E        F      G
               +---------+---------+-------+---------+---------+-------+---------
         Total |       0 |      66 |   0.0 |       0 |      26 |   0.0 |  1127
               +---------+---------+-------+---------+---------+-------+---------
           D:1 |       0 |      33 |   0.0 |       0 |      20 |   0.0 |   987
           D:2 |       0 |      33 |   0.0 |       0 |       6 |   0.0 |   140
               +---------+---------+-------+---------+---------+-------+---------
